 Dungeon Crawl Stone Soup version 0.23.2-33-g5129a83184 (webtiles) character file.

Game seed: 11018914617657962783

1729 Tursakeko the Carver (level 8, -4/69 (70) HPs)
             Began as a Minotaur Fighter on June 26, 2019.
             Was a Follower of Trog.
             Killed from afar by an orc priest (22 damage)
             ... with a wand of acid (3)
             ... on level 6 of the Dungeon on June 27, 2019.
             The game lasted 01:23:07 (9099 turns).

Tursakeko the Carver (Minotaur Fighter)             Turns: 9099, Time: 01:23:08

HP:   -4/69 (70)    AC:  9    Str: 24    XL:     8   Next: 76%
MP:   7/7           EV:  8    Int:  5    God:    Trog [*.....]
Gold: 264           SH: 16    Dex:  9    Spells: 7/7 levels left

rFire    . . .     SeeInvis .   K - +3 scimitar (drain)
rCold    . . .     Gourm    .   G - +0 large shield
rNeg     . . .     Faith    .   b - +0 scale mail
rPois    .         Spirit   .   (helmet restricted)
rElec    .         Reflect  .   (no cloak)
rCorr    .         Harm     .   C - +0 pair of gloves
MR       .....                  (no boots)
Stlth    ..........             (no amulet)
HPRegen  0.21/turn              (no ring)
MPRegen  0.10/turn              (no ring)

@: no status effects
A: retaliatory headbutt, horns 2
a: Berserk, Renounce Religion


You were on level 6 of the Dungeon.
You worshipped Trog.
Trog was aware of your devotion.
You were not hungry.

You visited 1 branch of the dungeon, and saw 6 of its levels.

You collected 264 gold pieces.

Inventory:

Hand Weapons
 a - a +0 long sword
 j - a +0 hunting sling
 p - a +4 club
 r - a +2 dagger of protection
 x - a +0 short sword of draining
 K - a +3 scimitar of draining (weapon)
 N - a +0 shortbow
Missiles
 k - 186 stones (quivered)
 m - 21 sling bullets
 w - 8 tomahawks
 O - 52 arrows
Armour
 b - a +0 scale mail (worn)
 c - a +0 shield
 t - a +0 pair of gloves
 C - a +0 pair of gloves (worn)
 F - a +0 chain mail
 G - a +0 large shield (worn)
 L - a cursed +0 plate armour
Magical Staves
 Q - an uncursed staff of cold
Wands
 A - a wand of scattershot (6)
 E - a wand of acid (5)
Scrolls
 g - 8 scrolls of identify
 i - 2 scrolls of fear {unknown}
 l - 5 scrolls of teleportation {unknown}
 q - a scroll of random uselessness {unknown}
 v - 3 scrolls of blinking {unknown}
 y - a scroll of magic mapping {unknown}
 D - a scroll of amnesia {unknown}
 H - a scroll of enchant armour {unknown}
 P - a scroll of fog {unknown}
Potions
 d - 2 potions of might
 e - 2 potions of lignification
 h - 2 potions of cancellation {unknown}
 n - 4 potions of curing {unknown}
 s - a potion of mutation {unknown}
 u - a potion of flight {unknown}
 z - a potion of degeneration {unknown}
 B - a potion of brilliance
 I - a potion of agility {unknown}
 J - a potion of magic {unknown}
 M - a potion of berserk rage
Comestibles
 f - 8 rations


   Skills:
 + Level 5.8 Fighting
 + Level 8.1 Long Blades
 + Level 7.5 Armour
 + Level 3.1 Dodging
 + Level 7.5 Shields


You had 7 spell levels left.
You didn't know any spells.
Your spell library contained the following spells:

 Spells                   Type           Power        Failure   Level  Hunger
 Animate Skeleton         Necr           N/A          100%        1    ##.....
 Apportation              Tloc           #.....       100%        1    ##.....
 Confusing Touch          Hex            #.....       100%        1    ##.....
 Summon Small Mammal      Summ           #...         100%        1    ##.....


Dungeon Overview and Level Annotations

Branches:
Dungeon (6/15)
 Temple: D:4-7

Altars:
Dithmenos
Nemelex Xobeh
Ru
Trog
Xom
The Shining One

Annotations:
D:3 Grinder


Innate Abilities, Weirdness & Mutations

You reflexively headbutt those who attack you in melee.
You have a pair of horns on your head.


Message History

You hit the orc warrior. You drain the orc warrior.
You kill the orc warrior!
Trog accepts your kill.
You can now go berserk at will.
Your Long Blades skill increases to level 8!
You closely miss the orc. Your headbutt misses the orc.
The orc priest zaps a wand.
The bolt of acid misses you.
You hit the orc. You drain the orc.
You kill the orc!
Trog accepts your kill.
The orc priest zaps a wand.
The bolt of acid hits you! The acid corrodes you!
You are splashed with acid!
There is an open door here.
The orc priest mumbles some strange prayers to Beogh against you.
You struggle to resist.
You are no longer corroded.
The orc priest zaps a wand.
The bolt of acid hits you!
You are splashed with acid!
* * * LOW HITPOINT WARNING * * *
The orc priest zaps a wand.
The bolt of acid hits you!!
You die...

.....#..###.########..#..........
.....#................#..........
.....#................#..........
.....#......o.........#..........
.....#................#..........
.....#................'..........
.....#####..###..######..........
####.....#..###..##......#######+
#.....#....#.@.#......#
#.....#....#...#......#
#.....#....#...#......#
#.....#....#...'......#
#.....##########......# #######
########


You could see an orc priest.

Vanquished Creatures
  A water moccasin (D:6)
  3 orc warriors
  A phantom (D:6)
  A necrophage (D:6)
  A sky beast (D:6)
  2 centaurs (D:6)
  An ogre (D:5)
  2 bullfrogs (D:6)
  2 scorpions
  A hound (D:5)
  3 orc priests (D:6)
  2 bullfrog skeletons
  Ijyb (D:4)
  A bullfrog zombie (D:5)
  Jessica (D:2)
  3 orc wizards
  An iguana (D:5)
  2 worker ants
  8 adders
  An adder skeleton (D:6)
  A worm (D:2)
  A dart slug (D:1)
  5 leopard geckos
  19 orcs
  3 ball pythons
  8 bats
  6 giant cockroaches
  7 goblins
  8 hobgoblins
  12 jackals
  5 kobolds
  5 quokkas
  A frilled lizard (D:1)
  A quokka skeleton (D:4)
  3 rats
  3 plants (D:2)
126 creatures vanquished.

Notes
Turn   | Place    | Note
-------+----------+-------------------------------------------
     0 | D:1      | Tursakeko the Minotaur Fighter began the quest for the Orb.
     0 | D:1      | Reached XP level 1. HP: 19/19 MP: 0/0
    61 | D:1      | Reached XP level 2. HP: 27/27 MP: 1/1
  1112 | D:1      | Reached XP level 3. HP: 33/33 MP: 2/2
  1811 | D:2      | Reached skill level 3 in Long Blades
  2508 | D:2      | Reached XP level 4. HP: 32/40 MP: 3/3
  2563 | D:2      | Noticed Jessica
  2580 | D:2      | Killed Jessica
  2854 | D:3      | Reached skill level 4 in Long Blades
  2854 | D:3      | Reached XP level 5. HP: 47/47 MP: 4/4
  3087 | D:3      | Noticed Grinder
  3171 | D:3      | Reached skill level 1 in Dodging
  3680 | D:3      | Reached skill level 5 in Shields
  3692 | D:3      | You fall through a shaft for 3 floors!
  3718 | D:5      | Entered Level 5 of the Dungeon
  3758 | D:6      | Noticed an orc warrior
  4030 | D:4      | Noticed Ijyb
  4061 | D:4      | Killed Ijyb
  4061 | D:4      | Reached XP level 6. HP: 50/53 MP: 5/5
  4158 | D:4      | Reached skill level 5 in Armour
  4233 | D:4      | Noticed an orc warrior
  4249 | D:4      | Killed an orc warrior
  4249 | D:4      | Reached skill level 5 in Long Blades
  4628 | D:4      | Found a bloodstained altar of Trog.
  4645 | D:4      | Became a worshipper of Trog the Wrathful
  4875 | D:4      | Found a sacrificial altar of Ru.
  4878 | D:4      | Found a sparkling altar of Nemelex Xobeh.
  4879 | D:4      | Found a glowing golden altar of the Shining One.
  5030 | D:4      | Found a shimmering altar of Xom.
  5272 | D:4      | Found a shadowy altar of Dithmenos.
  5994 | D:5      | Reached XP level 7. HP: 45/60 MP: 6/6
  6745 | D:6      | Reached skill level 5 in Fighting
  6775 | D:5      | Reached skill level 6 in Long Blades
  7298 | D:6      | Reached XP level 8. HP: 68/68 MP: 7/7
  7756 | D:6      | Reached skill level 7 in Long Blades
  8211 | D:6      | Reached * piety under Trog
  9077 | D:6      | Reached skill level 8 in Long Blades
  9099 | D:6      | Killed from afar by an orc priest

Skill      XL: |  1  2  3  4  5  6  7  8 |
---------------+-------------------------+-----
Shields        | 4 5 6 7 |  7.5
Fighting       | 4 5 |  5.8
Armour         | 4 5 6 7 |  7.5
Long Blades    | 3 4 5 6 8 |  8.1
Dodging        | 1 2 3 |  3.1

Action                   |  1- 3 |  4- 6 |  7- 9 || total
-------------------------+-------+-------+-------++-------
Melee: Long sword        |   124 |   187 |    39 ||   350
       Headbutt          |    34 |    49 |    24 ||   107
       Scimitar          |       |       |    69 ||    69
  Use: Scroll            |       |     2 |       ||     2
       Potion            |       |     1 |     6 ||     7
  Eat: Chunk             |     2 |     4 |     4 ||    10
       Ration            |     1 |     2 |     2 ||     5
Armor: Scale mail        |    35 |    47 |    19 ||   101
       Skin              |       |       |     1 ||     1
Dodge: Dodged            |    25 |    48 |    20 ||    93
Block: Shield            |    47 |    63 |       ||   110
       Large shield      |       |    23 |    89 ||   112
       Rpst.: Long sword |     3 |    11 |     5 ||    19
       Scimitar          |       |       |     2 ||     2
